 Dungeon Crawl Stone Soup version 0.25.1-2-g60ff931df9 (webtiles) character file.

Game seed: 5130411627920598222

4306 funkygono the Basher (level 10, -8/88 HPs)
             Began as a Minotaur Fighter on Nov 8, 2020.
             Was a Follower of Okawaru.
             Mangled by a spatial maelstrom (12 damage)
             ... on level 2 of the Abyss.
             The game lasted 00:15:16 (6478 turns).

funkygono the Basher (Minotaur Fighter)             Turns: 6478, Time: 00:15:17

Health: -8/88      AC: 14    Str: 24    XL:     10   Next: 11%
Magic:  9/9        EV: 22    Int:  5    God:    Okawaru [*.....]
Gold:   373        SH: 12    Dex: 10    Spells: 9/9 levels left

rFire    + . .     SeeInvis .   t - +3 flail (protect)
rCold    . . .     Gourm    .   c - +1 kite shield
rNeg     . . .     Faith    .   y - +0 plate armour
rPois    .         Spirit   .   (helmet restricted)
rElec    .         Reflect  .   (no cloak)
rCorr    .         Harm     .   (no gloves)
MR       .....                  (no boots)
Stlth    ..........             m - amulet of the acrobat
HPRegen  0.24/turn              E - ring of protection from fire
MPRegen  0.11/turn              (no ring)

@: acrobat
A: retaliatory headbutt, horns 2
a: Heroism, Renounce Religion


You were on level 2 of the Abyss.
You worshipped Okawaru.
Okawaru was aware of your devotion.
You were not hungry.

You visited 2 branches of the dungeon, and saw 8 of its levels.
You visited the Abyss 1 time.

You collected 373 gold pieces.

Inventory:

Hand Weapons
 a - a +1 vorpal mace
 b - a +0 hunting sling
 t - a +3 flail of protection (weapon)
 u - a +0 shortbow
 x - a +2 whip of flaming
Missiles
 e - 87 stones (quivered)
 g - 111 arrows
 r - 28 sling bullets
 B - 39 bolts
Armour
 c - a +1 kite shield (worn)
 i - a +2 chain mail
 y - a +0 plate armour (worn)
 D - cursed -1 steam dragon scales
Jewellery
 m - an amulet of the acrobat (around neck)
 E - a ring of protection from fire (left hand)
Wands
 C - a wand of paralysis (5)
Scrolls
 h - 5 scrolls of teleportation
 j - 4 scrolls of remove curse
 o - 2 scrolls of magic mapping
Potions
 d - a potion of might
 k - 5 potions of curing
 l - 2 potions of cancellation
 n - 5 potions of stabbing
 p - a potion of mutation
 q - 2 potions of flight
 s - a potion of resistance
 v - a potion of lignification {unknown}
 w - a potion of heal wounds {unknown}
 z - a potion of berserk rage {unknown}
 A - a potion of ambrosia {unknown}
Comestibles
 f - 10 rations
 F - 2 chunks of flesh


   Skills:
 + Level 7.9 Fighting
 + Level 11.4 Maces & Flails
 + Level 9.3 Armour
 + Level 2.7 Dodging
 - Level 7.9 Shields


You had 9 spell levels left.
You didn't know any spells.
Your spell library contained the following spells:

 Spells                   Type           Power        Failure   Level  Hunger
 Sandblast                Erth           #.....       100%        1    ##.....
 Passwall                 Tmut/Erth      #.......     100%        2    ###....
 Stone Arrow              Conj/Erth      #.....       100%        3    ####...
 Petrify                  Tmut/Erth      #.......     100%        4    #####..
 Lee's Rapid Deconstruct  Erth           #.........   100%        5    ######.


Dungeon Overview and Level Annotations

Branches:
Dungeon (7/15)             Temple (1/1) D:6

Altars:
Cheibriados
Dithmenos
Elyvilon
Fedhas
Gozag
Hepliaklqana
Kikubaaqudgha
Makhleb
Okawaru
Qazlal
Ru
Sif Muna
Trog
Uskayaw
Vehumet
Wu Jian
Yredelemnul
Zin
The Shining One

Annotations:
D:7 Joseph


Innate Abilities, Weirdness & Mutations

You reflexively headbutt those who attack you in melee.
You have a pair of horns on your head.


Message History

You block the spatial maelstrom's attack.
The spatial maelstrom hits you but does no damage.
A spatial vortex comes into view.
A spatial vortex comes into view.
A large abomination comes into view.
A spatial vortex comes into view.
Some of the chunks of flesh in your inventory have rotted away.
The large abomination hits you!
* * * LOW HITPOINT WARNING * * *
The spatial maelstrom misses you.
The spatial maelstrom completely misses you.
The large abomination hits you!!
* * * LOW HITPOINT WARNING * * *
You block the spatial maelstrom's attack. x2
A spatial vortex comes into view.
The spatial maelstrom completely misses you.
You furiously retaliate!
You headbutt the spatial maelstrom.
You block the spatial maelstrom's attack.
You block the spatial vortex's attack. The spatial maelstrom hits you!
You die...

#. ...#ยง##
#####... ####
#.....#.#
#...##..###
#.#X....... .
#.###...###
...#.......###
#...#vv....#
#...
#..@##....#
..#
#.......... .
....##.#.#..#
#...## #. ...
.#.. ## ..#
#.. .# #. #


You could see a spatial maelstrom and a spatial vortex.

Vanquished Creatures
  Pikel (D:6)
  Maggie (D:7)
  Grinder (D:5)
  Prince Ribbit (D:6)
  A hippogriff (D:7)
  Sigmund (D:4)
  Eustachio (D:5)
  Menkaure (D:5)
  Edmund (D:4)
  Duvessa (D:5)
  An orc warrior (D:7)
  3 ogres
  3 phantoms
  2 necrophages
  2 centaurs
  Blork the orc (D:6)
  A big kobold (D:7)
  2 bullfrogs
  Dowan (D:5)
  A scorpion (D:4)
  4 wights (D:6)
  2 crimson imps (D:5)
  2 bullfrog zombies
  2 centaur zombies
  5 orc priests
  A hound (D:5)
  An iguana (D:5)
  7 worker ants
  5 orc wizards
  Robin (D:4)
  A worker ant zombie (D:7)
  4 gnolls (D:5)
  8 adders
  An adder skeleton (D:4)
  6 worms
  A dart slug (D:3)
  4 leopard geckos
  14 orcs
  9 goblins
  9 hobgoblins
  6 jackals
  15 kobolds
  3 quokkas
  9 bats
  3 frilled lizards
  2 leopard gecko skeletons
  A leopard gecko zombie (D:6)
  2 rats (D:3)
155 creatures vanquished.

Vanquished Creatures (others)
  2 slaves (D:6)
  A centaur (D:6)
  A scorpion (D:6)
  An adder zombie (D:6)
  3 orcs
8 creatures vanquished.

Grand Total: 163 creatures vanquished

Notes
Turn   | Place    | Note
-------+----------+-------------------------------------------
     0 | D:1      | funkygono the Minotaur Fighter began the quest for the Orb.
     0 | D:1      | Reached XP level 1. HP: 19/19 MP: 0/0
  1103 | D:2      | Reached XP level 2. HP: 25/27 MP: 1/1
  1157 | D:2      | Found a sacrificial altar of Ru.
  1170 | D:2      | Reached XP level 3. HP: 33/33 MP: 2/2
  1340 | D:2      | Found a burning altar of Makhleb.
  1434 | D:3      | Found a hide-covered altar of Uskayaw.
  1557 | D:3      | Reached skill level 3 in Maces & Flails
  1557 | D:3      | Reached XP level 4. HP: 40/40 MP: 3/3
  2146 | D:4      | Reached XP level 5. HP: 43/46 MP: 4/4
  2146 | D:4      | Noticed Robin
  2148 | D:4      | Noticed an ogre
  2155 | D:4      | Killed an ogre
  2155 | D:4      | Reached skill level 4 in Maces & Flails
  2155 | D:4      | Reached skill level 1 in Dodging
  2155 | D:4      | Reached skill level 5 in Shields
  2173 | D:4      | Killed Robin
  2173 | D:4      | Reached skill level 5 in Armour
  2361 | D:4      | Noticed Sigmund
  2370 | D:4      | Killed Sigmund
  2370 | D:4      | Reached skill level 5 in Maces & Flails
  2370 | D:4      | Reached XP level 6. HP: 45/53 MP: 5/5
  2457 | D:4      | Noticed Edmund
  2482 | D:4      | Killed Edmund
  2482 | D:4      | Reached XP level 7. HP: 40/60 MP: 6/6
  2982 | D:4      | Reached skill level 6 in Maces & Flails
  3148 | D:5      | Entered Level 5 of the Dungeon
  3187 | D:5      | Reached skill level 5 in Fighting
  3210 | D:5      | Noticed Menkaure
  3210 | D:5      | Noticed Grinder
  3765 | D:5      | Noticed Eustachio
  3765 | D:5      | Noticed Duvessa
  3765 | D:5      | Noticed Dowan
  3777 | D:5      | Killed Duvessa
  3777 | D:5      | Reached skill level 7 in Maces & Flails
  3777 | D:5      | Reached XP level 8. HP: 54/68 MP: 7/7
  3782 | D:5      | Killed Eustachio
  3787 | D:5      | Killed Dowan
  3918 | D:5      | Killed Grinder
  3980 | D:5      | Reached skill level 8 in Maces & Flails
  4166 | D:5      | Killed Menkaure
  4619 | D:6      | Noticed Blork the orc
  4644 | D:6      | Reached XP level 9. HP: 75/75 MP: 8/8
  4658 | D:6      | Killed Blork the orc
  4658 | D:6      | Reached skill level 9 in Maces & Flails
  4976 | D:6      | Found a staircase to the Ecumenical Temple.
  4992 | D:6      | Noticed Pikel
  5003 | D:6      | Killed Pikel
  5003 | D:6      | Reached skill level 10 in Maces & Flails
  5008 | D:6      | Noticed Prince Ribbit
  5023 | D:6      | Killed Prince Ribbit
  5413 | Temple   | Entered the Ecumenical Temple
  5493 | Temple   | Became a worshipper of Warmaster Okawaru
  5869 | D:7      | Reached skill level 11 in Maces & Flails
  5874 | D:7      | Noticed Maggie
  5889 | D:7      | Killed Maggie
  5889 | D:7      | Reached * piety under Okawaru
  5889 | D:7      | Reached XP level 10. HP: 59/88 MP: 9/9
  6387 | D:7      | Noticed Joseph
  6401 | D:7      | Cast into level 2 of the Abyss (Joseph)
  6453 | Abyss:2  | Noticed a spatial maelstrom
  6475 | Abyss:2  | HP: 4/88 [large abomination (22)]
  6478 | Abyss:2  | Mangled by a spatial maelstrom

Illustrated notes

Levels and vault maps discovered:
D:1:      lightli_arrival_windingriver, layout_loops_corners,
          chequers_serial_rivers_room_a
D:2:      layout_basic, lemuel_round_altar, nicolae_ru_great_annihilating_truth
D:3:      layout_basic, eat_drink_and_be_merry_uskayaw
D:4:      layout_gridville, uniq_robin, uniq_sigmund, uniq_edmund
D:5:      lemuel_upstairs_altar, layout_gridville, first_ration, uniq_menkaure,
          uniq_grinder, uniq_eustachio, uniq_duvessa
D:6:      layout_basic, minmay_temple_entry_statues_pillars,
          uniq_prince_ribbit1, uniq_pikel, uniq_blork_the_orc
D:7:      layout_cave_pools, uniq_maggie, uniq_joseph
Temple:   kb_temple_of_zot
Abyss:2:  base:
D:3

Skill      XL: |  1  2  3  4  5  6  7  8  9 |
---------------+----------------------------+-----
Armour         | 4 5 6 7 9 |  9.3
Shields        | 4 5 6 7 |  7.9
Maces & Flails | 3 5 7 8 11 | 11.4
Fighting       | 4 5 6 7 |  7.9
Dodging        | 1 2 |  2.7

Action                   |  1- 3 |  4- 6 |  7- 9 | 10-12 || total
-------------------------+-------+-------+-------+-------++-------
Melee: Flail             |    76 |    86 |   306 |    39 ||   507
       Headbutt          |     6 |    18 |    60 |    11 ||    95
  Use: Scroll            |     9 |     4 |     7 |       ||    20
       Potion            |       |       |     1 |       ||     1
 Stab: Paralysed         |     1 |       |       |       ||     1
  Eat: Chunk             |     2 |     3 |    11 |     2 ||    18
Armor: Chain mail        |    49 |    26 |   112 |       ||   187
       Scale mail        |     2 |       |       |       ||     2
       Plate armour      |       |       |    29 |    34 ||    63
Dodge: Dodged            |    24 |    27 |    86 |    41 ||   178
Block: Kite shield       |    55 |    48 |   184 |    58 ||   345
